 Dungeon Crawl Stone Soup version 0.23.2-40-g277498a001 (webtiles) character file.

Game seed: 11724915987405255947

111 Gildeon the Magician (level 4, -2/30 HPs)
             Began as a Mummy Fire Elementalist on Sept 26, 2019.
             Slain by a worker ant (6 damage)
             ... on level 3 of the Dungeon.
             The game lasted 00:08:16 (2156 turns).

Gildeon the Magician (Mummy Fire Elementalist)      Turns: 2156, Time: 00:08:16

Health: -2/30      AC:  2    Str: 11    XL:     4   Next: 62%
Magic:  2/10       EV: 13    Int: 15    God:
Gold:   137        SH:  0    Dex: 12    Spells: 1/11 levels left

rFire    x . .     SeeInvis .   d - +4 short sword (elec)
rCold    + . .     Gourm    .   (no shield)
rNeg     + + +     Faith    .   a - +0 robe
rPois    ∞         Spirit   .   (no helmet)
rElec    .         Reflect  .   (no cloak)
rCorr    .         Harm     .   (no gloves)
MR       .....                  (no boots)
Stlth    ++........             (no amulet)
HPRegen  0.10/turn              (no ring)
MPRegen  0.12/turn              (no ring)

@: no status effects
A: no food or potions, fire vulnerability, cold resistance 1, negative energy
resistance 3, torment resistance, unbreathing
a: no special abilities


You were on level 3 of the Dungeon.
You were not hungry.

You visited 1 branch of the dungeon, and saw 3 of its levels.

You collected 137 gold pieces.

Inventory:

Hand Weapons
 d - a +4 short sword of electrocution (weapon)
Missiles
 b - 56 stones (quivered)
 f - a throwing net
Armour
 a - a +0 robe (worn)
Scrolls
 c - 2 scrolls of identify
 e - 3 scrolls of remove curse


   Skills:
 + Level 2.6 Dodging
 - Level 1.5 Stealth
 + Level 4.1 Spellcasting
 - Level 0.7 Conjurations
 + Level 3.3 Fire Magic


You had one spell level left.
You knew the following spells:

 Your Spells              Type           Power        Failure   Level  Hunger
a - Flame Tongue          Conj/Fire      #....        8%          1    N/A
b - Throw Flame           Conj/Fire      #.....       12%         2    N/A
c - Conjure Flame         Conj/Fire      #.......     24%         3    N/A
d - Sticky Flame          Conj/Fire      #.......     61%         4    N/A

Your spell library contained the following spells:

 Spells                   Type           Power        Failure   Level  Hunger
 Inner Flame              Hex/Fire       #.......     26%         3    N/A
 Fireball                 Conj/Fire      #.........   91%         5    N/A

Dungeon Overview and Level Annotations

Branches:
Dungeon (3/15)

Altars:
Dithmenos


Innate Abilities, Weirdness & Mutations

You do not eat or drink.
Your flesh is vulnerable to fire.
You are immune to poison.
Your flesh is cold resistant. (rC+)
You are immune to negative energy. (rN+++)
You are immune to unholy pain and torment.
You can survive without breathing.


Message History

The worker ant is heavily wounded.
The worker ant bites you. The worker ant bites you!
* * * LOW HITPOINT WARNING * * *
Casting: Flame Tongue (safe; 8% risk of failure)
Confirm with . or Enter, or press ? or * to list all spells.
Aiming: Flame Tongue (safe; 8% risk of failure)
Press: ? - help, Shift-Dir - straight line, f/p - worker ant
Aim: a worker ant (heavily wounded)
The flame tongue hits the worker ant.
The worker ant is severely wounded.
The worker ant bites you.
* * * LOW HITPOINT WARNING * * *
You can't drink.
Items here: ))) [[ a +0 leather armour; a +0 short sword; a +0 scale mail; a +0 flail a +0 short sword
There is a stone staircase leading down here.
You see here a tomahawk of returning.
The worker ant bites you.
You die...

###########
#.........#
####...<.....#
.............#
####...).....#
#...@.....#
#...a.....#
#####>#####
###[#####.#
###†.(......#
#...#..##......
#.####........#
... ..........
....
##...#.#.##


You could see a worker ant.

Vanquished Creatures
  6 adders
  A dart slug (D:1)
  2 leopard geckos (D:2)
  5 orcs (D:3)
  A giant cockroach (D:2)
  3 hobgoblins
  7 bats
  3 frilled lizards (D:2)
  11 goblins
  6 kobolds
  7 rats
52 creatures vanquished.

Notes
Turn   | Place    | Note
-------+----------+-------------------------------------------
     0 | D:1      | Gildeon the Mummy Fire Elementalist began the quest for the
                  | Orb.
     0 | D:1      | Reached XP level 1. HP: 13/13 MP: 4/4
   327 | D:1      | Reached skill level 3 in Spellcasting
   327 | D:1      | Reached XP level 2. HP: 19/19 MP: 4/6
   331 | D:1      | Learned a level 2 spell: Throw Flame
   967 | D:2      | Reached XP level 3. HP: 23/24 MP: 0/7
  1062 | D:2      | Found a shadowy altar of Dithmenos.
  1067 | D:2      | Learned a level 3 spell: Conjure Flame
  1297 | D:2      | Found a faded altar of an unknown god.
  1442 | D:2      | Reached XP level 4. HP: 30/30 MP: 5/9
  1448 | D:2      | Learned a level 4 spell: Sticky Flame
  1883 | D:3      | Reached skill level 4 in Spellcasting
  2156 | D:3      | Slain by a worker ant

Skill      XL: |  1  2  3  4 |
---------------+-------------+-----
Spellcasting   | 3 4 |  4.1
Dodging        | 2 |  2.6
Fire Magic     | 3 |  3.3
Stealth        | |  1.5
Conjurations   | |  0.7

Action                   |  1- 3 |  4- 6 || total
-------------------------+-------+-------++-------
Melee: Short sword       |    34 |    13 ||    47
 Cast: Flame Tongue      |    38 |    32 ||    70
  Use: Scroll            |     1 |       ||     1
 Stab: Sleeping          |     3 |     2 ||     5
Armor: Robe              |    11 |     7 ||    18
Dodge: Dodged            |    35 |    21 ||    56
